[Event "Titled Tuesday Blitz October 31 Early 2023"]
[White "Djokic, Mihailo"]
[Black "Santos Flores, Alberto"]
[WhiteFideId "976440"]
[BlackFideId "3601234"]
[WhiteElo "2709"]
[BlackElo "2485"]
[Result "1-0"]
[Round "11"]
[TimeControl "180+1"]
[Date "2023.10.31"]
[WhiteClock "0:01:47"]
[BlackClock "0:00:06"]
[Board "38"]

1. e4 e6 2. d4 d5 3. Nc3 Nf6 4. Bg5 Bb4 5. e5 h6 6. Bh4 g5 7. Bg3 Ne4 8. Ne2 c5 9. a3 Bxc3+ 10. Nxc3 Nxg3 11. hxg3 a6 12. Qd2 cxd4 13. Ne2 Nc6 14. f4 gxf4 15. gxf4 Bd7 16. Nxd4 Nxd4 17. Qxd4 Qc7 18. c3 O-O-O 19. b4 Kb8 20. a4 f6 21. exf6 e5 22. fxe5 Rde8 23. O-O-O Rxe5 24. Bd3 Bxa4 25. Rde1 Rxe1+ 26. Rxe1 Rf8 27. Re7 Qc6 28. f7 Qd6 29. Qc5 Qxc5 30. bxc5 Kc8 31. Bg6 Kd8 32. Rxb7 Bd7 33. Kd2 a5 34. Ke3 a4 35. Kd4 Bc6 36. Ra7 Kc8 37. Ke5 Kb8 38. Ra6 Kb7 39. Ra5 Kc7 40. Kf6 d4 41. cxd4 Bd5 42. Ra7+ Kb8 43. Rxa4 1-0


[Site "https://www.chess.com"]

[Event "Titled Tuesday Blitz October 31 Early 2023"]
[White "Nagare Kaivalya Sandip"]
[Black "Avazkhonov, Alikhon"]
[WhiteFideId "25957929"]
[BlackFideId "14208504"]
[WhiteElo "2706"]
[BlackElo "2520"]
[Result "0-1"]
[Round "11"]
[TimeControl "180+1"]
[Date "2023.10.31"]
[WhiteClock "0:01:04"]
[BlackClock "0:00:39"]
[Board "39"]

1. e4 c5 2. Nf3 d6 3. d4 cxd4 4. Nxd4 Nf6 5. Nc3 a6 6. Bg5 e6 7. f4 h6 8. Bh4 Be7 9. Qf3 Qc7 10. O-O-O Nbd7 11. Bd3 g5 12. fxg5 Ne5 13. Qe2 Nfg4 14. Nf3 Nxf3 15. gxf3 hxg5 16. Bg3 Ne5 17. f4 gxf4 18. Bxf4 Ng6 19. Bg3 Bd7 20. Qf2 Qc5 21. Qxc5 dxc5 22. e5 Bc6 23. Be4 Rh5 24. Bxc6+ bxc6 25. Rde1 Bg5+ 26. Kb1 Bd2 27. Re4 Bxc3 28. bxc3 Ke7 29. Rhe1 Rd8 30. c4 Rd2 31. R1e2 Rxe2 32. Rxe2 Nh4 33. Bf2 Nf3 34. Bxc5+ Ke8 35. Bd6 Rxh2 36. Rxh2 Nxh2 37. Kb2 Kd7 38. Kc3 f5 39. Kb4 f4 40. Ka5 f3 41. Bc5 Ng4 42. Kxa6 f2 43. Bxf2 Nxf2 44. Kb6 Ng4 45. a4 Nxe5 46. c5 Nc4+ 47. Kb7 e5 48. a5 Nxa5+ 49. Ka6 Nc4 50. Kb7 e4 51. Ka8 e3 0-1


[Site "https://www.chess.com"]

[Event "Titled Tuesday Blitz October 31 Early 2023"]
[White "MMAHDI2013"]
[Black "Atakhan, Abtin"]
[BlackFideId "22502203"]
[WhiteElo "2474"]
[BlackElo "2699"]
[Result "0-1"]
[Round "11"]
[TimeControl "180+1"]
[Date "2023.10.31"]
[WhiteClock "0:00:07"]
[BlackClock "0:01:04"]
[Board "40"]

1. c4 Nf6 2. Nf3 c5 3. b3 g6 4. Bb2 Bg7 5. g3 b6 6. Bg2 Bb7 7. O-O O-O 8. d4 cxd4 9. Qxd4 d6 10. Nc3 Nbd7 11. Rac1 Rc8 12. Rfd1 Rc5 13. Ba3 Ne4 14. Qe3 Nxc3 15. Rxc3 Ra5 16. b4 Bxf3 17. Bxf3 Ra4 18. Rb3 Ne5 19. Qe4 Qc7 20. Rc1 Rc8 21. Kg2 e6 22. h4 Nxc4 23. Qd3 b5 24. e3 Qd8 25. Rd1 d5 26. Qe2 Rxa3 27. Rbb1 Rc3 28. h5 Ne5 29. Qxb5 Rc2 30. Be2 Rb8 31. Qa6 Rb6 32. Qxa7 Rxe2 33. Rdc1 Nc6 34. Qa4 Qf6 35. Rc2 Qxf2+ 36. Kh3 Qh2+ 37. Kg4 Qxh5+ 38. Kf4 Be5# 0-1


[Site "https://www.chess.com"]

[Event "Titled Tuesday Blitz October 31 Early 2023"]
[White "Ovetchkin, Roman"]
[Black "Ziatdinov, Raset"]
[WhiteFideId "4119991"]
[BlackFideId "2015323"]
[WhiteElo "2693"]
[BlackElo "2461"]
[Result "0-1"]
[Round "11"]
[TimeControl "180+1"]
[Date "2023.10.31"]
[WhiteClock "0:00:00"]
[BlackClock "0:00:32"]
[Board "41"]

1. d4 Nf6 2. c4 g6 3. Nc3 d5 4. cxd5 Nxd5 5. Na4 Bg7 6. e4 Nb6 7. Be3 Nc6 8. d5 Ne5 9. Nc3 Ng4 10. Bd4 e5 11. Bc5 Nd7 12. Ba3 h5 13. Nf3 Bf8 14. d6 c6 15. h3 Ngf6 16. Bc4 Bh6 17. Qb3 O-O 18. g4 Bf4 19. g5 Ne8 20. Ne2 b5 21. Bd3 Bxg5 22. Rg1 Bh6 23. Rxg6+ Kh7 24. Rxh6+ Kxh6 25. Qc2 Qf6 26. Nd2 c5 27. Bxc5 Nxc5 28. Qxc5 Nxd6 29. Nc3 Bb7 30. Nd5 Bxd5 31. exd5 e4 32. Qe3+ Qg5 33. Nxe4 Nxe4 34. Bxe4 Rae8 35. Kd2 Qxe3+ 0-1


[Site "https://www.chess.com"]

[Event "Titled Tuesday Blitz October 31 Early 2023"]
[White "Haitin, Ilja"]
[Black "Ozates, Tuna"]
[WhiteFideId "4501764"]
[BlackFideId "6354521"]
[WhiteElo "2439"]
[BlackElo "2678"]
[Result "1-0"]
[Round "11"]
[TimeControl "180+1"]
[Date "2023.10.31"]
[WhiteClock "0:00:03"]
[BlackClock "0:00:03"]
[Board "42"]

1. Nf3 c5 2. g3 Nc6 3. Bg2 e5 4. c4 g6 5. Nc3 Bg7 6. O-O d6 7. a3 Be6 8. d3 h6 9. Ne1 Nge7 10. Nc2 O-O 11. Ne3 Qd7 12. Ned5 f5 13. Rb1 Rab8 14. b4 b6 15. Qa4 Rbd8 16. e3 g5 17. Rd1 cxb4 18. axb4 e4 19. dxe4 Ne5 20. Qxd7 Rxd7 21. Nxe7+ Rxe7 22. Nd5 Bxd5 23. cxd5 fxe4 24. Bxe4 Ng4 25. f3 Nf6 26. Bf5 Kh8 27. e4 g4 28. Bf4 Rd8 29. fxg4 Nxe4 30. Re1 Bd4+ 31. Kg2 Rde8 32. Bg6 Kg7 33. Bxe8 Rxe8 34. Kf3 Nf6 35. Rxe8 Nxe8 36. g5 hxg5 37. Bxg5 Nc7 38. Ke4 Nb5 39. Rc1 Be5 40. Bf4 Nc3+ 41. Kf5 Nxd5 42. Bxe5+ dxe5 43. Kxe5 Nxb4 44. Rb1 Nd3+ 45. Ke4 Nc5+ 46. Kf5 Na4 47. g4 a5 48. g5 Kf7 49. h4 Kg7 50. h5 Kh7 51. Rc1 Nc5 52. Re1 Kg7 53. Re7+ Kf8 54. Ra7 a4 55. h6 Kg8 56. g6 1-0


[Site "https://www.chess.com"]

[Event "Titled Tuesday Blitz October 31 Early 2023"]
[White "Janaszak, Dawid"]
[Black "Kovalevsky, Stanislav"]
[WhiteFideId "1119206"]
[BlackFideId "13508598"]
[WhiteElo "2677"]
[BlackElo "2422"]
[Result "1-0"]
[Round "11"]
[TimeControl "180+1"]
[Date "2023.10.31"]
[WhiteClock "0:01:18"]
[BlackClock "0:00:15"]
[Board "43"]

1. e4 c6 2. d4 d5 3. exd5 cxd5 4. Bd3 Nf6 5. c3 Nc6 6. Bf4 g6 7. Nf3 Bf5 8. Ne5 Bxd3 9. Nxd3 Bg7 10. O-O O-O 11. Qb3 Na5 12. Qb4 e6 13. Nd2 a6 14. a4 Re8 15. Qa3 Rc8 16. Rfe1 Qb6 17. Nc5 Bf8 18. b4 Nc4 19. Nxc4 dxc4 20. Bg5 Nd5 21. a5 Qc6 22. h4 f6 23. Bd2 e5 24. Qa2 Qb5 25. dxe5 Bxc5 26. bxc5 Rxe5 27. Rxe5 fxe5 28. Rb1 Qc6 29. Qxc4 Kg7 30. Qe4 Re8 31. c4 Nb4 32. Qxc6 Nxc6 33. Rxb7+ Kf6 34. Rb6 Re6 35. Rxa6 Kf5 36. f3 e4 37. g4+ Kf6 38. f4 e3 39. Bxe3 h5 40. Bd2 hxg4 41. Rb6 Kf5 42. a6 Ke4 43. a7 Kf3 44. a8=Q 1-0


[Site "https://www.chess.com"]

[Event "Titled Tuesday Blitz October 31 Early 2023"]
[White "Yen, William"]
[Black "Joshi, Pankaj"]
[WhiteFideId "30932025"]
[BlackFideId "5006210"]
[WhiteElo "2676"]
[BlackElo "2241"]
[Result "1-0"]
[Round "11"]
[TimeControl "180+1"]
[Date "2023.10.31"]
[WhiteClock "0:00:43"]
[BlackClock "0:00:06"]
[Board "44"]

1. e4 e5 2. Nc3 Nf6 3. f4 d6 4. Nf3 Nc6 5. Bc4 Be7 6. O-O Bg4 7. d3 Nd4 8. fxe5 Bxf3 9. gxf3 dxe5 10. Kh1 Qd7 11. Ne2 O-O-O 12. Nxd4 Qxd4 13. Qe2 Kb8 14. Be3 Qd7 15. Bxf7 Rhf8 16. Bb3 Nh5 17. Rg1 g6 18. Raf1 Nf4 19. Qd2 Qh3 20. Qa5 b6 21. Qxe5 Bd6 22. Qg5 Ne2 23. e5 Nxg1 24. Kxg1 Bb4 25. c3 Ba5 26. e6 Rde8 27. Qg3 Qxg3+ 28. hxg3 Rf6 29. f4 Rfxe6 30. Bxe6 Rxe6 31. Re1 b5 32. Bxa7+ Kxa7 33. Rxe6 b4 34. Re5 Bb6+ 35. d4 bxc3 36. bxc3 Kb7 37. Kf2 Kc6 38. Ke3 Kd6 39. Ke4 Ba5 40. Rxa5 1-0


[Site "https://www.chess.com"]

[Event "Titled Tuesday Blitz October 31 Early 2023"]
[White "Zhigalko, Sergei"]
[Black "Omelja, Artem"]
[WhiteFideId "13502956"]
[BlackFideId "14119846"]
[WhiteElo "2915"]
[BlackElo "2578"]
[Result "1-0"]
[Round "11"]
[TimeControl "180+1"]
[Date "2023.10.31"]
[WhiteClock "0:00:52"]
[BlackClock "0:00:49"]
[Board "45"]

1. e4 e5 2. Nf3 Nc6 3. Bc4 Bc5 4. b4 Bxb4 5. c3 Bc5 6. d4 exd4 7. O-O Nf6 8. cxd4 Bb6 9. Ba3 d5 10. exd5 Nxd5 11. Nc3 Nxc3 12. Re1+ Be6 13. Qb3 Na5 14. Qxc3 Nxc4 15. Qxc4 c6 16. Rxe6+ 1-0


[Site "https://www.chess.com"]

[Event "Titled Tuesday Blitz October 31 Early 2023"]
[White "borocotoajua"]
[Black "Rustemov, Alexander"]
[BlackFideId "4119002"]
[WhiteElo "2574"]
[BlackElo "2872"]
[Result "0-1"]
[Round "11"]
[TimeControl "180+1"]
[Date "2023.10.31"]
[WhiteClock "0:00:00"]
[BlackClock "0:00:24"]
[Board "46"]

1. d4 d5 2. Nf3 Nf6 3. c4 dxc4 4. e3 e6 5. Bxc4 a6 6. a4 c5 7. O-O Nc6 8. Qe2 Be7 9. Rd1 O-O 10. b3 Qc7 11. Bb2 b6 12. Nbd2 Bb7 13. Rac1 Rfd8 14. Bd3 Nb4 15. Bb1 Rac8 16. dxc5 bxc5 17. Nc4 Bd5 18. e4 Bb7 19. Be5 Qc6 20. Na5 Qb6 21. Nxb7 Qxb7 22. Bb2 Nc6 23. e5 Nd5 24. Qe4 g6 25. h4 Qxb3 26. Ba1 Ndb4 27. Rxd8+ Rxd8 28. h5 Rd1+ 29. Rxd1 Qxd1+ 30. Kh2 Kg7 31. Bc3 Qd5 32. Qg4 Qb3 33. hxg6 hxg6 34. Bxb4 Qxb1 35. Bd2 Qf5 36. Qc4 Nxe5 37. Bc3 Bf6 38. Nxe5 Bxe5+ 39. Bxe5+ Qxe5+ 40. g3 Qd6 41. a5 e5 42. Kg2 Kf6 43. Qc3 Qc6+ 44. Kg1 c4 45. f4 Qc5+ 46. Kh2 Qd4 47. fxe5+ Kxe5 48. Qb4 c3 49. Qe7+ Kd5 50. Qxf7+ Kc5 51. Qc7+ Kd5 52. Qd7+ Ke4 53. Qg4+ Ke3 54. Qg5+ Ke2 55. Qe7+ Kd2 56. Qg5+ Qe3 57. Qd5+ Ke1 0-1


[Site "https://www.chess.com"]

[Event "Titled Tuesday Blitz October 31 Early 2023"]
[White "Kozak, Antoni"]
[Black "Goltseva, Ekaterina"]
[WhiteFideId "21832030"]
[BlackFideId "24173770"]
[WhiteElo "2809"]
[BlackElo "2546"]
[Result "0-1"]
[Round "11"]
[TimeControl "180+1"]
[Date "2023.10.31"]
[WhiteClock "0:00:04"]
[BlackClock "0:00:21"]
[Board "47"]

1. e4 e6 2. d4 d5 3. f3 dxe4 4. Nc3 c5 5. d5 exd5 6. Nxd5 Nf6 7. fxe4 Nxd5 8. exd5 Qh4+ 9. g3 Qe4+ 10. Qe2 Bf5 11. c4 Bd6 12. Nf3 O-O 13. Qxe4 Bxe4 14. Kf2 Nd7 15. Bg2 Rfe8 16. Bd2 Bd3 17. b3 Re2+ 18. Kg1 Ne5 19. Nxe5 Bxe5 20. Be1 Bd4+ 21. Kf1 Rxa2# 0-1


[Site "https://www.chess.com"]

[Event "Titled Tuesday Blitz October 31 Early 2023"]
[White "Karthik Rajaa"]
[Black "Shubenkova, Veronika"]
[WhiteFideId "25035215"]
[BlackFideId "44124040"]
[WhiteElo "2713"]
[BlackElo "2538"]
[Result "1-0"]
[Round "11"]
[TimeControl "180+1"]
[Date "2023.10.31"]
[WhiteClock "0:00:32"]
[BlackClock "0:00:14"]
[Board "48"]

1. Nf3 d5 2. c4 e6 3. g3 f5 4. b3 Nf6 5. Bb2 c6 6. Bg2 Bd6 7. O-O O-O 8. d4 Nbd7 9. Ne5 Ne4 10. Nd3 Qe7 11. Nd2 h6 12. Nf3 g5 13. Nfe5 Nxe5 14. Nxe5 Bxe5 15. dxe5 Rd8 16. Qc2 Bd7 17. Rac1 Rac8 18. c5 g4 19. f3 gxf3 20. exf3 Ng5 21. Rce1 Rf8 22. Bc1 Rf7 23. h4 Nh7 24. Bxh6 Kh8 25. f4 b6 26. b4 Rg8 27. Kf2 Be8 28. Bf3 Qb7 29. Bg5 Qa6 30. Be2 Qa3 31. Qb3 Qxb3 32. axb3 bxc5 33. bxc5 Rb7 34. Ra1 Nxg5 35. hxg5 Rgg7 36. Rh1+ Kg8 37. Rh6 Bg6 38. Ra6 Rxb3 39. Rxc6 d4 40. Rxe6 Bf7 41. Rd6 Rh7 42. g6 Rxh6 43. gxf7+ Kxf7 44. Bc4+ Ke7 45. Bxb3 Rh2+ 46. Kf3 Rd2 47. c6 Rd3+ 48. Ke2 Rxb3 49. Rd7+ Ke6 50. Rxa7 Rxg3 51. Rd7 Rc3 52. Rd6+ Ke7 53. Kd2 Kf7 54. Rf6+ Ke7 55. Rxf5 Rxc6 56. Kd3 Ra6 57. Kxd4 Ra4+ 58. Ke3 Ke6 59. Rf6+ Ke7 60. Rd6 Rb4 61. Rd4 Rb1 62. Ke4 Ke6 63. f5+ Ke7 64. f6+ Ke6 65. Rd6+ Kf7 66. Rd7+ Ke8 67. Re7+ Kf8 68. Kf5 Rb2 69. Rd7 Rb5 70. Kg6 Rxe5 71. Rd8+ Re8 72. Rxe8+ Kxe8 73. Kg7 1-0


[Site "https://www.chess.com"]

[Event "Titled Tuesday Blitz October 31 Early 2023"]
[White "Yaksin, Oleg"]
[Black "djokovic74"]
[WhiteFideId "24105880"]
[WhiteElo "2538"]
[BlackElo "2708"]
[Result "0-1"]
[Round "11"]
[TimeControl "180+1"]
[Date "2023.10.31"]
[WhiteClock "0:00:04"]
[BlackClock "0:00:05"]
[Board "49"]

1. d4 e6 2. c4 Nf6 3. g3 d5 4. Nf3 Be7 5. Bg2 O-O 6. O-O c6 7. Qc2 b6 8. Bf4 Bb7 9. Rd1 Nh5 10. Be3 Nf6 11. Bf4 Nbd7 12. Nc3 Nh5 13. Bc1 f5 14. Ne5 Nhf6 15. f4 Rc8 16. Qa4 a6 17. cxd5 exd5 18. h3 Ne4 19. Nxe4 fxe4 20. Be3 Nxe5 21. dxe5 Qc7 22. Qb3 Bc5 23. Bxc5 bxc5 24. Rac1 c4 25. Qc3 Qb6+ 26. e3 c5 27. Bf1 a5 28. Rd2 Rb8 29. Rcd1 h6 30. Rxd5 Bxd5 31. Rxd5 Qxb2 32. Qxc4 Kh8 33. Rxc5 Qd2 34. Qc3 Qd1 35. Qc2 Qf3 36. Qf2 Qh5 37. Rxa5 Rb1 38. Rd5 Rfb8 39. Rd2 Rc1 40. Kg2 Rbb1 41. Be2 Qe8 42. g4 Qe7 43. Kg3 Rg1+ 44. Kh2 Rh1+ 45. Kg2 Kh7 46. Qg3 Rhg1+ 47. Kf2 Rxg3 48. Kxg3 Rg1+ 49. Kh2 Rb1 50. Kg3 Rc1 51. h4 Qc5 52. Kf2 Rc3 53. Rd4 Rc2 54. Rxe4 Qb5 55. Kg3 Qxe2 56. f5 Qf2+ 57. Kh3 Qg2# 0-1


[Site "https://www.chess.com"]

[Event "Titled Tuesday Blitz October 31 Early 2023"]
[White "Amilal Munkhdalai"]
[Black "Kotlyar, Kirill"]
[WhiteFideId "4903250"]
[BlackFideId "24145599"]
[WhiteElo "2677"]
[BlackElo "2537"]
[Result "0-1"]
[Round "11"]
[TimeControl "180+1"]
[Date "2023.10.31"]
[WhiteClock "0:01:11"]
[BlackClock "0:00:14"]
[Board "50"]

1. e4 c5 2. Nf3 e6 3. d4 cxd4 4. Nxd4 a6 5. c4 Nc6 6. Nxc6 bxc6 7. Nc3 Bb4 8. Qd4 Qf6 9. e5 Qg6 10. Bd2 Ne7 11. Bd3 Qxg2 12. O-O-O c5 13. Qd6 Qc6 14. Ne4 Bxd2+ 15. Rxd2 Bb7 16. Qxc6 Bxc6 17. Nd6+ Kf8 18. Rg1 f6 19. f4 f5 20. Rf2 Nc8 21. Nxc8 Rxc8 22. Be2 g6 23. Bf3 Ke7 24. Rd1 Rhd8 25. Rd6 Bxf3 26. Rxf3 Rc6 27. Rh3 h5 28. Rhd3 Rxd6 29. Rxd6 h4 30. Kd2 a5 31. Ra6 d6 32. Ra7+ Rd7 33. Rxa5 dxe5+ 34. Ke3 exf4+ 35. Kxf4 Rd4+ 36. Kg5 Rg4+ 37. Kh6 Kf6 38. Rxc5 h3 39. Kh7 Rg2 40. Rc8 Rxh2 41. Rf8+ Ke5 42. Kxg6 Rxb2 43. Rh8 h2 44. a4 Kf4 45. a5 e5 46. a6 Ra2 47. Kf6 Rxa6+ 48. Ke7 Kg3 49. c5 e4 0-1


[Site "https://www.chess.com"]

[Event "Titled Tuesday Blitz October 31 Early 2023"]
[White "Alinasab, Mobina"]
[Black "Barrientos, Sergio E"]
[WhiteFideId "12528897"]
[BlackFideId "4401824"]
[WhiteElo "2537"]
[BlackElo "2674"]
[Result "0-1"]
[Round "11"]
[TimeControl "180+1"]
[Date "2023.10.31"]
[WhiteClock "0:00:00"]
[BlackClock "0:00:15"]
[Board "51"]

1. e4 e5 2. Bc4 Nc6 3. Nc3 Nf6 4. d3 Bc5 5. f4 d6 6. f5 Na5 7. Qf3 c6 8. a3 Nxc4 9. dxc4 h6 10. Nge2 a5 11. Be3 Nd7 12. Bxc5 Nxc5 13. O-O O-O 14. Kh1 b6 15. f6 Qxf6 16. Qxf6 gxf6 17. Rxf6 Be6 18. Rxh6 Kg7 19. Rh4 Bxc4 20. Ng3 Be6 21. Rf1 Rh8 22. Nh5+ Kg6 23. g4 Kg5 24. Rh3 Bxg4 25. Rg3 Kxh5 26. Rxf7 Rag8 27. Kg2 Be6 28. Rc7 Rxg3+ 29. hxg3 Rc8 30. Rg7 Kh6 31. Re7 Kg6 32. Ra7 Kf6 33. b4 axb4 34. axb4 Nd7 35. Rb7 b5 36. Ra7 Ke7 37. Nd1 Kd8 38. Ne3 Rc7 39. Ra8+ Ke7 40. Kf3 Nb6 41. Rh8 Nc4 42. Ng2 Rc8 43. Rh7+ Kf6 44. Nh4 Rf8 45. Kg2 Rg8 0-1


[Site "https://www.chess.com"]

[Event "Titled Tuesday Blitz October 31 Early 2023"]
[White "sjoerd893"]
[Black "Kleiman, Jake"]
[BlackFideId "2020041"]
[WhiteElo "2533"]
[BlackElo "2674"]
[Result "1-0"]
[Round "11"]
[TimeControl "180+1"]
[Date "2023.10.31"]
[WhiteClock "0:00:07"]
[BlackClock "0:00:10"]
[Board "52"]

1. e4 e5 2. Nf3 Nc6 3. Bc4 Bc5 4. c3 Nf6 5. d3 O-O 6. Nbd2 d5 7. exd5 Nxd5 8. O-O Nb6 9. Ne4 Nxc4 10. Nxc5 Nd6 11. d4 Bg4 12. h3 Bxf3 13. Qxf3 exd4 14. Nxb7 Qd7 15. Nc5 Qe8 16. Bf4 Ne5 17. Bxe5 Qxe5 18. Nd7 Qb5 19. Nxf8 Rxf8 20. cxd4 Qxb2 21. Rfd1 g6 22. Qc6 Nf5 23. d5 Rd8 24. g4 Nh4 25. Qxc7 Re8 26. Qg3 g5 27. d6 Ng6 28. d7 Rd8 29. Qc7 Qf6 30. Re1 Kg7 31. Rad1 Nf4 32. Qe5 Nxh3+ 33. Kg2 Nf4+ 34. Kf1 Ne6 35. Qxf6+ Kxf6 36. Re3 Ke7 37. Ra3 a6 38. Rxa6 Rxd7 39. Rxd7+ Kxd7 40. Ra7+ Ke8 41. a4 Nc5 42. a5 Nb3 43. a6 Nc5 44. Ra8+ Kd7 45. a7 Kc7 46. Rf8 1-0


[Site "https://www.chess.com"]

[Event "Titled Tuesday Blitz October 31 Early 2023"]
[White "Nurmanova, Alua"]
[Black "Panda Sambit"]
[WhiteFideId "13729390"]
[BlackFideId "25091794"]
[WhiteElo "2635"]
[BlackElo "2496"]
[Result "1-0"]
[Round "11"]
[TimeControl "180+1"]
[Date "2023.10.31"]
[WhiteClock "0:01:02"]
[BlackClock "0:00:00"]
[Board "53"]

1. e4 c6 2. d3 d5 3. Nd2 e5 4. Ngf3 Bd6 5. g3 Nf6 6. Bg2 O-O 7. O-O Re8 8. Re1 Nbd7 9. c3 a5 10. Qc2 Nc5 11. h3 b6 12. b4 Ncd7 13. Bb2 axb4 14. cxb4 Bb7 15. a3 c5 16. bxc5 bxc5 17. exd5 Bxd5 18. Nc4 Bc7 19. a4 Ra6 20. Ng5 Bxg2 21. Kxg2 Qa8+ 22. Kg1 Nd5 23. d4 g6 24. dxe5 Nb4 25. Qc3 Nd5 26. Qd2 Nf8 27. Ne4 Rd8 28. Qh6 Rb8 29. e6 Rxb2 30. exf7+ Kxf7 31. Nxb2 Kg8 32. Rad1 Be5 33. Nxc5 Bxb2 34. Nxa6 Bg7 35. Qd2 Qxa6 36. Qxd5+ Kh8 37. Re8 Qxa4 38. Qd8 Qb4 39. Rde1 h6 40. Qe7 1-0


[Site "https://www.chess.com"]

[Event "Titled Tuesday Blitz October 31 Early 2023"]
[White "Deuterio010"]
[Black "Prestia, Paris"]
[BlackFideId "30925959"]
[WhiteElo "2471"]
[BlackElo "2620"]
[Result "1-0"]
[Round "11"]
[TimeControl "180+1"]
[Date "2023.10.31"]
[WhiteClock "0:01:06"]
[BlackClock "0:00:08"]
[Board "54"]

1. e4 c5 2. Nf3 d6 3. Bb5+ Bd7 4. c4 a6 5. Bxd7+ Qxd7 6. O-O Nc6 7. d4 cxd4 8. Nxd4 Nf6 9. Nc3 g6 10. f3 Bg7 11. Be3 O-O 12. Qd2 Rac8 13. b3 Qd8 14. Rac1 Qa5 15. Rfd1 Nxd4 16. Bxd4 Rfd8 17. Kf1 Rc6 18. Bxf6 Bxf6 19. Nd5 Qxd2 20. Nxf6+ Kg7 21. Nh5+ Kh6 22. Rxd2 Kxh5 23. e5 Kg5 24. Rcd1 Kf5 25. exd6 Rcxd6 26. Rxd6 exd6 27. Kf2 Ke6 28. Ke3 Re8 29. g4 h6 30. h4 Kd7+ 31. Kf2 Kc6 32. Rd4 a5 33. a3 Re5 34. Rf4 Re7 35. Rf6 Kc5 36. h5 gxh5 37. gxh5 a4 38. bxa4 Kxc4 39. Rxd6 Kb3 40. Rxh6 Kxa3 41. Rb6 Kxa4 42. h6 f5 43. Kg3 Ka5 44. Rf6 b5 45. Rxf5 Re6 46. Rh5 Re8 47. h7 Rh8 48. Kg4 Ka4 49. Kg5 b4 50. Kg6 b3 51. Rh2 Rb8 52. h8=Q Rxh8 53. Rxh8 b2 54. Rb8 1-0


[Site "https://www.chess.com"]

[Event "Titled Tuesday Blitz October 31 Early 2023"]
[White "NelsonLinda"]
[Black "crazy_m_attack"]
[WhiteElo "2614"]
[BlackElo "2442"]
[Result "1/2-1/2"]
[Round "11"]
[TimeControl "180+1"]
[Date "2023.10.31"]
[WhiteClock "0:00:03"]
[BlackClock "0:00:58"]
[Board "55"]

1. b3 e5 2. Bb2 Nc6 3. e3 d5 4. Bb5 Bd6 5. f4 Qe7 6. Nf3 f6 7. fxe5 fxe5 8. Bxc6+ bxc6 9. Nxe5 Nf6 10. Nxc6 Qe6 11. Nd4 Qe4 12. Qf3 O-O 13. Qxe4 Nxe4 14. Nc3 Nxc3 15. Bxc3 c5 16. Nf3 Bf5 17. O-O-O Be4 18. Rdf1 h6 19. d3 Bg6 20. Be5 Rxf3 21. Bxd6 Rxe3 22. Bxc5 Re2 23. Rf2 Re6 24. Rhf1 Kh7 25. Rf8 Rxf8 26. Rxf8 a6 27. Rf2 Rc6 28. b4 Re6 29. Kd2 Be8 30. a3 Bc6 31. Bd4 Re7 32. Re2 Rf7 33. Rf2 Re7 34. Bc5 Rd7 35. Kc3 Rc7 36. Kd4 Rd7 37. Ke5 Kg6 38. Rf3 Rd8 39. Rg3+ Kf7 40. Bd4 Ba4 41. c4 dxc4 42. dxc4 Re8+ 43. Kf4 g5+ 44. Kf3 Bd1+ 45. Kf2 Kg6 46. Re3 Rd8 47. Bc3 Bg4 48. h3 Bf5 49. Ke2 h5 50. a4 g4 51. hxg4 Bxg4+ 52. Kf2 Rd1 53. b5 axb5 54. axb5 Rb1 55. Bd4 Rb4 56. b6 Rxc4 57. Rb3 Bc8 58. Be3 Rc2+ 59. Kg1 Bb7 60. Bf2 Rc1+ 61. Kh2 Rc2 62. Kg3 h4+ 63. Kxh4 Rxf2 64. Kg3 Rxg2+ 65. Kf4 Rf2+ 66. Ke5 Rc2 67. Kd6 Kf7 68. Kd7 Kf6 69. Re3 Kf5 70. Re7 Kf6 71. Re3 Kf5 72. Re7 Kf6 73. Re3 1/2-1/2


[Site "https://www.chess.com"]

[Event "Titled Tuesday Blitz October 31 Early 2023"]
[White "Gontcharov, Vladislav"]
[Black "Fernandez, Michael"]
[WhiteFideId "4123492"]
[BlackFideId "5803560"]
[WhiteElo "2582"]
[BlackElo "2430"]
[Result "0-1"]
[Round "11"]
[TimeControl "180+1"]
[Date "2023.10.31"]
[WhiteClock "0:00:11"]
[BlackClock "0:00:21"]
[Board "56"]

1. d4 b5 2. a4 b4 3. e4 Bb7 4. Bd3 a5 5. Nf3 e6 6. c3 Nf6 7. Qe2 d5 8. e5 Nfd7 9. O-O c5 10. Nbd2 Nc6 11. Re1 Qb6 12. dxc5 Nxc5 13. Bb5 Be7 14. c4 O-O 15. cxd5 exd5 16. Nf1 Nb3 17. Rb1 Nbd4 18. Qd3 Nxf3+ 19. gxf3 Qd4 20. Qe2 Qh4 21. Ng3 Bg5 22. Be3 Rfe8 23. Bxc6 Bxc6 24. Bd4 Qxd4 25. b3 Bf4 26. Qc2 Rac8 27. Nf5 Qc3 28. Qxc3 bxc3 29. Nd6 c2 30. Rbc1 Bxc1 31. Rxc1 Bd7 32. Nxe8 Bxe8 33. Kf1 Rc3 34. Ke2 d4 35. Kd2 f6 36. exf6 gxf6 37. Rxc2 Rxc2+ 38. Kxc2 Bg6+ 39. Kd2 Kf7 0-1


[Site "https://www.chess.com"]

[Event "Titled Tuesday Blitz October 31 Early 2023"]
[White "LiadCuba"]
[Black "NovozhilovSemen"]
[WhiteElo "2388"]
[BlackElo "2720"]
[Result "1-0"]
[Round "11"]
[TimeControl "180+1"]
[Date "2023.10.31"]
[WhiteClock "0:00:28"]
[BlackClock "0:00:01"]
[Board "57"]

1. d4 Nf6 2. c4 e6 3. Nc3 Bb4 4. f3 c5 5. d5 b5 6. e4 O-O 7. Ne2 bxc4 8. Nf4 exd5 9. Nxd5 Ba6 10. Bg5 Nc6 11. Qd2 Ne5 12. Bxf6 gxf6 13. Qh6 Ng6 14. h4 Kh8 15. h5 Rg8 16. hxg6 Rg7 17. gxf7 Rxf7 18. Kf2 Rb8 19. Rd1 Bxc3 20. bxc3 Rb2+ 21. Rd2 Qb8 22. Be2 Rxd2 23. Qxd2 f5 24. Qe3 Qe5 25. Rh5 Qe6 26. Nf4 Qd6 27. Rxf5 Rxf5 28. exf5 Qg6 29. fxg6 1-0


[Site "https://www.chess.com"]

[Event "Titled Tuesday Blitz October 31 Early 2023"]
[White "Hua, Lefong"]
[Black "HeroRubiksCube"]
[WhiteFideId "2602253"]
[WhiteElo "2704"]
[BlackElo "2502"]
[Result "0-1"]
[Round "11"]
[TimeControl "180+1"]
[Date "2023.10.31"]
[WhiteClock "0:00:00"]
[BlackClock "0:00:15"]
[Board "58"]

1. d4 Nf6 2. c4 c5 3. d5 b5 4. cxb5 a6 5. b6 g6 6. Nc3 Bg7 7. a4 Qxb6 8. a5 Qb7 9. e4 O-O 10. Bc4 e6 11. Nge2 exd5 12. exd5 d6 13. O-O Nbd7 14. Bf4 Qc7 15. h3 Nh5 16. Bh2 Ne5 17. b3 Bd7 18. Qd2 Rfe8 19. Ra2 Rab8 20. Na4 Bxa4 21. Rxa4 Nxc4 22. Rxc4 Rxb3 23. Nf4 Rb2 24. Qc1 Nxf4 25. Bxf4 Ree2 26. Ra4 Qe7 27. Bg3 Bd4 28. Qc4 Qb7 29. Ra3 Qb5 30. Qxb5 Rxb5 31. Bxd6 Rbb2 32. Bg3 Kf8 33. d6 Ke8 34. Rd3 Kd7 35. h4 f5 36. Rf3 c4 37. Rc1 c3 38. Rcxc3 Bxc3 39. Rxc3 Rec2 40. Re3 f4 41. Bxf4 Rxf2 42. Re7+ Kd8 43. Bg5 Rxg2+ 44. Kf1 h6 45. Bxh6 Rh2 46. Kg1 Rxh4 47. Bg7 Rd2 48. Bf6 Rg4+ 49. Kh1 Rxd6 50. Re4+ Rxf6 51. Rxg4 Kd7 52. Rg5 Kc6 53. Kg2 Rf5 54. Rxg6+ Kb5 0-1


[Site "https://www.chess.com"]

[Event "Titled Tuesday Blitz October 31 Early 2023"]
[White "Kosteniuk, Alexandra"]
[Black "Kopczynski, Michal"]
[WhiteFideId "4128125"]
[BlackFideId "1124200"]
[WhiteElo "2699"]
[BlackElo "2490"]
[Result "1-0"]
[Round "11"]
[TimeControl "180+1"]
[Date "2023.10.31"]
[WhiteClock "0:01:10"]
[BlackClock "0:00:00"]
[Board "59"]

1. Nf3 d6 2. d4 g6 3. Nc3 Bg7 4. e4 f5 5. h4 c5 6. h5 cxd4 7. Nxd4 Nc6 8. Be3 fxe4 9. Nxe4 Bf5 10. Ng3 Nxd4 11. Bxd4 Qa5+ 12. c3 e5 13. Be3 O-O-O 14. Bd3 Ne7 15. Bg5 Bxd3 16. Qxd3 Rd7 17. h6 Bf8 18. Bf6 Bxh6 19. Bxh8 Bf4 20. Bf6 Nc6 21. Ne2 d5 22. Nxf4 exf4 23. O-O d4 24. cxd4 Qd5 25. Rac1 Kb8 26. Rfe1 a6 27. b3 h5 28. Qc4 Qf5 29. Re8+ Ka7 30. Qc5+ Qxc5 31. Rxc5 Kb6 32. Re6 1-0


[Site "https://www.chess.com"]